 Dungeon Crawl Stone Soup version 0.28.0 (webtiles) character file.

Game seed: 17594238710194343907

625 hikkokomori the Shield-Bearer (level 7, -1/57 HPs)
             Began as a Formicid Fighter on Feb 8, 2022.
             Slain by a phantom (4 damage)
             ... on level 4 of the Dungeon.
             The game lasted 00:07:42 (4189 turns).

hikkokomori the Shield-Bearer (Formicid Fighter)    Turns: 4189, Time: 00:07:43

Health: -1/57      AC:  3    Str: 20    XL:     7   Next: 76%
Magic:  7/7        EV: 10    Int: 10    God:
Gold:   42         SH:  5    Dex: 10    Spells: 4/6 levels left

rFire   . . .      SeeInvis +   a - +0 war axe
rCold   + . .      Faith    .   c - +0 buckler
rNeg    . . .      Spirit   .   v - +0 leather armour "Timasm" {Contam Fly rC+}
rPois   .          Reflect  .   (helmet unavailable)
rElec   .          Harm     .   (no cloak)
rCorr   .          Rampage  .   (no gloves)
Will    .....                   (no boots)
Stlth   +.........              (no amulet)
HPRegen 0.19/turn               (no ring)
MPRegen 0.10/turn               (no ring)

@: flying
A: permanent stasis, dig shafts and tunnels, antennae 3, four strong arms
a: Dig, Shaft Self


You were on level 4 of the Dungeon.
You visited 1 branch of the dungeon, and saw 5 of its levels.

You collected 179 gold pieces.
You spent 137 gold pieces at shops.

Inventory:

Hand Weapons
 a - a +0 war axe (weapon)
Missiles
 f - 5 poisoned darts
Armour
 b - a +0 scale mail
 c - a +0 buckler (worn)
 l - a +0 pair of boots
 v - the +0 leather armour "Timasm" (worn) {Contam Fly rC+}
   (You bought it in a shop on level 3 of the Dungeon)

   rC:        It protects you from cold.
   Fly:       It grants you flight.
   Contam:    It causes magical contamination when unequipped.
Jewellery
 o - a +6 ring of dexterity
Scrolls
 h - a scroll of magic mapping {unknown}
 k - 2 scrolls of enchant armour {unknown}
 m - a scroll of enchant weapon {unknown}
 q - 3 scrolls of identify {unknown}
 s - a scroll of amnesia {unknown}
 t - 2 scrolls of blinking {unknown}
Potions
 d - a potion of might
 e - a potion of heal wounds {unknown}
 i - a potion of magic {unknown}
 j - 2 potions of attraction {unknown}
 n - 2 potions of ambrosia {unknown}
 p - a potion of haste {unknown}
 r - 2 potions of resistance {unknown}
 u - a potion of mutation {unknown}


   Skills:
 + Level 5.9 Fighting
 + Level 4.9 Axes
 - Level 3.2 Armour
 + Level 6.5 Shields


You had 4 spell levels left.
You knew the following spells:

 Your Spells              Type           Power      Damage    Failure   Level
a - Passwall              Tmut/Erth      0%         N/A       63%         2

Your spell library contained the following spells:

 Spells                   Type           Power      Damage    Failure   Level
 Sandblast                Erth           0%         2d4       47%         1
 Ensorcelled Hibernation  Hex/Ice        0%         N/A       63%         2
 Spider Form              Tmut/Pois      0%         N/A       85%         3
 Stone Arrow              Conj/Erth      0%         3d7       85%         3
 Anguish                  Hex/Necr       0%         N/A       99%         4


Dungeon Overview and Level Annotations

Branches:
Dungeon (5/15)
 Temple: D:4-7

Altars:
Dithmenos

Shops:
D:2 *   D:3 [


Innate Abilities, Weirdness & Mutations

You cannot be hasted, slowed, berserked, paralysed or teleported.
You can dig through walls and to a lower floor.
You have a pair of large antennae on your head. (SInv)
Your four strong arms can wield two-handed weapons with a shield.


Message History

Grinder gestures at you. Pain shoots through your body!
Throw: dart (poison)
Press: ? - help, Shift-Dir - straight line, f/p - Grinder
Aim: Grinder (severely wounded, 53% to hit)
You throw a poisoned dart. The poisoned dart hits Grinder.
Grinder is poisoned.
Grinder is severely wounded.
Grinder gestures at you.
Your stasis prevents you from being paralysed.
You slash Grinder!
You kill Grinder!
f - 2 poisoned darts
f - 3 poisoned darts (gained 1)
f - 4 poisoned darts (gained 1)
f - 5 poisoned darts (gained 1)
You start resting.
A phantom comes into view.
You barely miss the phantom. The phantom hits you.
You block the phantom's attack.
You hit the phantom.
The phantom is lightly damaged.
The phantom hits you.
You hit the phantom but do no damage.
The phantom is lightly damaged.
The phantom hits you!
* * * LOW HITPOINT WARNING * * *
You hit the phantom but do no damage.
The phantom is lightly damaged.
The phantom hits you.
* * * LOW HITPOINT WARNING * * *
The phantom barely misses you.
You closely miss the phantom.
The phantom is lightly damaged.
The phantom hits you!
* * * LOW HITPOINT WARNING * * *
Found a stone staircase leading up.
You block the phantom's attack.
There is a stone staircase leading up here.
The phantom hits you.
You die...

.........## #..#((...#
..........####)......#
.....................#
..........###..#.....#
#.........###.###....#
##............# #....#
##.......##### ###..#
##...W.## ##.# .
##..@.# #.##. ######
#.##. #.##. #.#{.
#.#.. ##.... ##.....
### ##...##. ##.#
##..#.##.


You could see a phantom.

Vanquished Creatures
  Grinder (D:4)
  Menkaure (D:4)
  An ogre (D:5)
  A lemure (D:4)
  A howler monkey (D:4)
  A hound (D:4)
  A bullfrog skeleton (D:5)
  2 scorpion zombies (D:5)
  2 adders
  2 worms
  2 dart slugs (D:1)
  5 orcs (D:5)
  5 ball pythons
  7 bats
  2 endoplasms
  8 goblins
  4 hobgoblins
  5 jackals
  2 kobolds
  A quokka (D:2)
  2 frilled lizards
  4 rats
60 creatures vanquished.

Notes
Turn   | Place    | Note
-------+----------+-------------------------------------------
     0 | D:1      | hikkokomori the Formicid Fighter began the quest for the
                  | Orb.
     0 | D:1      | Reached XP level 1. HP: 18/18 MP: 1/1
   125 | D:1      | Reached XP level 2. HP: 21/24 MP: 2/2
   249 | D:1      | Reached skill level 4 in Shields
   591 | D:1      | Reached XP level 3. HP: 29/30 MP: 3/3
   763 | D:1      | Found a faded altar of an unknown god.
   977 | D:2      | Found Vallij's General Store.
  1825 | D:3      | Learned a level 2 spell: Passwall
  1879 | D:3      | Reached XP level 4. HP: 37/37 MP: 4/4
  2149 | D:3      | You fall into a shaft and drop 2 floors!
  2149 | D:5      | Entered Level 5 of the Dungeon
  2505 | D:5      | Reached XP level 5. HP: 38/43 MP: 5/5
  2808 | D:5      | Noticed an ogre
  2823 | D:5      | Killed an ogre
  2824 | D:5      | Reached skill level 5 in Shields
  2824 | D:5      | Reached XP level 6. HP: 22/50 MP: 6/6
  3174 | D:5      | Noticed an ice beast
  3180 | D:4      | Noticed Grinder
  3540 | D:3      | Found Emoxeaha's Armour Shoppe.
  3546 | D:3      | Bought the +0 leather armour "Timasm" {Contam Fly rC+} for
                  | 137 gold pieces
  3614 | D:3      | Found a shadowy altar of Dithmenos.
  3817 | D:4      | Reached skill level 5 in Fighting
  3847 | D:4      | Noticed Menkaure
  3860 | D:4      | Killed Menkaure
  3861 | D:4      | Reached XP level 7. HP: 13/56 MP: 7/7
  4118 | D:4      | Reached skill level 6 in Shields
  4156 | D:4      | Killed Grinder
  4179 | D:4      | HP: 1/57 [phantom (8)]
  4189 | D:4      | Slain by a phantom

Illustrated notes

Levels and vault maps discovered:
D:1:      minmay_arrival_semitransparent, layout_basic,
          shapermc_ecumenical_altar_notcrosses, st_stairs_7
D:2:      layout_loops_corners, serial_shops, shop
D:3:      layout_basic, lemuel_tele_altar, serial_shops, shop, corner_web_ring,
          grunt_ministairs_14
D:4:      minmay_inner_zag, layout_rooms, uniq_grinder, uniq_pikel,
          uniq_menkaure, uniq_natasha
D:5:      layout_loops_corners, serial_rivers, chequers_serial_rivers_micro_b,
          chequers_serial_rivers_micro_e, chequers_serial_rivers_large_b,
          chequers_serial_rivers_small_b, chequers_serial_rivers_small_3,
          kennysheep_decorative_pillar

Skill      XL: |  1  2  3  4  5  6  7 |
---------------+----------------------+-----
Shields        | 4 5 6 |  6.5
Fighting       | 4 5 |  5.9
Axes           | 3 4 |  4.9
Armour         | |  3.2

Action                   |  1- 3 |  4- 6 |  7- 9 || total
-------------------------+-------+-------+-------++-------
Melee: War axe           |    95 |    90 |    26 ||   211
Throw: Dart              |       |     2 |     9 ||    11
       Javelin           |       |     2 |     2 ||     4
 Abil: Dig               |     2 |     3 |       ||     5
  Use: Potion            |       |     1 |       ||     1
Armor: Scale mail        |    63 |    37 |       ||   100
       Leather armour    |       |     1 |     2 ||     3
Dodge: Dodged            |    54 |    42 |     9 ||   105
Block: Buckler           |    32 |    17 |     5 ||    54
